 Dungeon Crawl Stone Soup version 0.27-a0-96-gb51a1d6fd6 (webtiles) character file.

Game seed: 1018893654813765287

10195 lunkers the Spear-Bearer (level 11, -2/95 HPs)
             Began as a Merfolk Gladiator on Jan 19, 2021.
             Was an Initiate of Gozag.
             Slain by Snorg (12 damage)
             ... on level 10 of the Dungeon.
             The game lasted 00:19:48 (12694 turns).

lunkers the Spear-Bearer (Merfolk Gladiator)       Turns: 12694, Time: 00:19:48

Health: -2/95      AC: 13    Str: 20    XL:     11   Next: 58%
Magic:  11/11      EV: 19    Int:  7    God:    Gozag
Gold:   2946       SH:  0    Dex: 16    Spells: 10/10 levels left

rFire    + . .     SeeInvis +   a - +2 trident (freeze)
rCold    + . .     Faith    .   (no shield)
rNeg     . . .     Spirit   .   U - +2 scale mail {rPois}
rPois    +         Reflect  .   I - +2 helmet "Exoafac" {Will+ Str+2 Stlth+}
rElec    .         Harm     .   y - +0 cloak {rCorr}
rCorr    +         Rampage  .   (no gloves)
Will     ++...                  o - +0 pair of boots
Stlth    +.........             (no amulet)
HPRegen  0.25/turn              k - ring of protection from fire
MPRegen  0.12/turn              S - ring "Xeenlauh" {rC+ Will+ SInv}

@: about to teleport
A: change form in water, swift swim, stealthy swim
a: Renounce Religion, Potion Petition, Call Merchant, Bribe Branch


You were on level 10 of the Dungeon.
You worshipped Gozag.
Gozag was most pleased with you.
You visited 1 branch of the dungeon, and saw 10 of its levels.
You also visited: Bailey.

You collected 2992 gold pieces.
You paid 46 gold pieces to Gozag.

Inventory:

Hand Weapons
 a - a +2 trident of freezing (weapon)
 L - a +0 trident
Missiles
 d - 3 throwing nets {=f}
 R - 52 boomerangs
Armour
 o - a +0 pair of boots (worn)
 s - +0 steam dragon scales
 y - a +0 cloak of preservation (worn)
 H - a scarf of repulsion
 I - the +2 helmet "Exoafac" (worn) {Will+ Str+2 Stlth+}
   (You found it on level 6 of the Dungeon)

   It affects your strength (+2).
   It affects your willpower, your defense against some magical effects.
   It makes you more stealthy.
 U - a +2 scale mail of poison resistance (worn)
Jewellery
 k - a ring of protection from fire (left hand)
 C - an uncursed ring of magical power
 S - the ring "Xeenlauh" (right hand) {rC+ Will+ SInv}
   (You found it in a bailey)

   [ring of see invisible]

   It protects you from cold.
   It affects your willpower, your defense against some magical effects.
   It lets you see invisible.
Wands
 b - a wand of flame (28)
 h - a wand of paralysis (15)
 m - a wand of polymorph (11)
 v - a wand of digging (4)
 w - a wand of iceblast (9)
 G - a wand of acid (7)
Scrolls
 c - 3 scrolls of random uselessness {unknown}
 g - 2 scrolls of noise {unknown}
 j - 10 scrolls of teleportation
 n - 2 scrolls of enchant armour {unknown}
 q - 2 scrolls of fog {unknown}
 t - 3 scrolls of fear {unknown}
 z - 7 scrolls of remove curse {unknown}
 A - 2 scrolls of magic mapping {unknown}
 B - a scroll of summoning {unknown}
 F - a scroll of immolation {unknown}
 J - a scroll of blinking {unknown}
 K - a scroll of enchant weapon {unknown}
 M - a scroll of silence {unknown}
 N - 3 scrolls of amnesia {unknown}
 O - a scroll of holy word {unknown}
 P - 2 scrolls of identify
 Q - a scroll of vulnerability {unknown}
Potions
 e - a potion of berserk rage
 f - a potion of magic
 i - a potion of invisibility
 l - a potion of attraction
 p - 2 potions of curing
 r - 3 potions of lignification
 u - 3 potions of haste
 x - a potion of heal wounds
 D - a potion of cancellation
 E - 2 potions of brilliance
Miscellaneous
 T - a phantom mirror


   Skills:
 + Level 11.7 Fighting
 - Level 14.0 Polearms
 - Level 2.0 Throwing
 + Level 13.8 Dodging


You had 10 spell levels left.
You didn't know any spells.
Your spell library contained the following spells:

 Spells                   Type           Power        Failure   Level
 Beastly Appendage        Tmut           0%           80%         1
 Freeze                   Ice            0%           80%         1
 Wereblood                Tmut           0%           91%         2
 Frozen Ramparts          Ice            0%           99%         3
 Ozocubu's Armour         Ice            0%           99%         3
 Spider Form              Tmut/Pois      0%           99%         3
 Hailstorm                Conj/Ice       0%           100%        4
 Ice Form                 Ice/Tmut       0%           100%        4
 Summon Ice Beast         Ice/Summ       0%           100%        4
 Blade Hands              Tmut           0%           100%        5


Dungeon Overview and Level Annotations

Branches:
Dungeon (10/15)            Temple (0/1) D:4            Lair (0/6) D:8
 Bailey (visited)
    Orc: D:9-12

Altars:
Ashenzari
Cheibriados
Dithmenos
Fedhas
Gozag
Hepliaklqana
Kikubaaqudgha
Nemelex Xobeh
Okawaru
Qazlal
Sif Muna
Xom

Annotations:
D:10 Snorg


Message History

Snorg bites you. Snorg closely misses you. Snorg barely misses you.
You puncture Snorg! You freeze Snorg!
Snorg is heavily wounded.
Snorg misses you. Snorg claws you! x2
You puncture Snorg! You freeze Snorg.
Snorg is severely wounded.
Snorg misses you. Snorg claws you!!
* * * LOW HITPOINT WARNING * * *
Snorg claws you!
* * * LOW HITPOINT WARNING * * *
As you read the scroll of teleportation, it crumbles to dust.
You feel strangely unstable. Snorg bites you!!
* * * LOW HITPOINT WARNING * * *
Snorg claws you.
* * * LOW HITPOINT WARNING * * *
Snorg claws you!
* * * LOW HITPOINT WARNING * * *
Snorg misses you. Snorg completely misses you. Snorg claws you!
You die...
Your body crumbles into a pile of gold.

.##....!##.#.# #........
.#########.#.# #........
.# #..# #...# #........
.# #..# #..## #l.......
.# #..####..# #........
.# #........# #........
$ .###........#
#........ ............#
#T.......
.......####.####@.......
.####..# #.......#####.
.# #..# #.......# .#
#..# #.......# .# #..#
#..####.# .# #..# #..#
.# . #..# #..# .# #..#
.# #..#


You could see Snorg (berserk) and a leopard gecko.

Vanquished Creatures
  A two-headed ogre (D:9)
  An orc knight (Bailey)
  Maggie (D:6)
  A gargoyle (D:9)
  2 komodo dragons (D:8)
  A troll (D:10)
  Grinder (D:3)
  A vampire (D:7)
  6 yaks (D:9)
  2 wyverns
  Menkaure (D:6)
  Edmund (D:4)
  A water moccasin (D:6)
  A hornet zombie (D:6)
  7 orc warriors
  An ice beast (D:3)
  6 ogres
  A sky beast (D:6)
  5 black bears
  2 necrophages
  2 phantoms (D:7)
  4 centaurs
  A big kobold (D:7)
  Blork the orc (D:3)
  6 bullfrogs
  A water moccasin skeleton (D:7)
  5 scorpions
  5 killer bees (D:8)
  9 wights
  A howler monkey (D:5)
  13 hounds
  3 centaur skeletons (D:9)
  2 orc priests (D:5)
  Crazy Yiuf (D:4)
  A gnoll shaman (D:6)
  A jelly (D:8)
  9 orc wizards
  5 iguanas
  Jessica (D:3)
  10 worker ants
  A worker ant zombie (D:6)
  A howler monkey zombie (D:7)
  10 adders
  13 gnolls
  2 shadow imps
  3 white imps
  3 ufetubi
  3 oozes
  5 adder skeletons
  5 worms
  2 dart slugs (D:1)
  5 leopard geckos
  34 orcs
  11 giant cockroaches
  15 goblins
  9 hobgoblins
  12 jackals
  3 quokkas
  2 ball pythons (D:2)
  7 bats
  6 frilled lizards
  A jackal skeleton (D:5)
  28 kobolds
  6 rats
311 creatures vanquished.

Vanquished Creatures (others)
  18 fungi (D:8)
  16 plants
34 creatures vanquished.

Grand Total: 345 creatures vanquished

Notes
Turn   | Place    | Note
-------+----------+-------------------------------------------
     0 | D:1      | lunkers the Merfolk Gladiator began the quest for the Orb.
     0 | D:1      | Reached XP level 1. HP: 16/16 MP: 1/1
    45 | D:1      | Reached XP level 2. HP: 20/23 MP: 2/2
   317 | D:1      | Reached skill level 5 in Polearms
   442 | D:1      | Reached XP level 3. HP: 28/28 MP: 3/3
  1354 | D:2      | Reached XP level 4. HP: 33/34 MP: 4/4
  1580 | D:2      | Reached skill level 6 in Polearms
  1905 | D:2      | Found an opulent altar of Gozag.
  1906 | D:2      | Found a shimmering altar of Xom.
  1915 | D:2      | Found a broken altar of Ashenzari.
  1923 | D:2      | Became a worshipper of Gozag Ym Sagoz the Greedy
  2455 | D:3      | Noticed Blork the orc
  2474 | D:3      | Killed Blork the orc
  2475 | D:3      | Reached skill level 5 in Dodging
  2475 | D:3      | Reached XP level 5. HP: 19/41 MP: 5/5
  2478 | D:3      | Found a shimmering blue altar of Sif Muna.
  2732 | D:3      | Reached skill level 7 in Polearms
  2786 | D:3      | Noticed an ice beast
  2803 | D:3      | Killed an ice beast
  2804 | D:3      | Reached XP level 6. HP: 26/48 MP: 6/6
  3044 | D:3      | Noticed Jessica
  3054 | D:3      | Killed Jessica
  3168 | D:3      | Noticed Grinder
  3168 | D:3      | Paralysed by Grinder for 3 turns
  3188 | D:3      | Killed Grinder
  3189 | D:3      | Reached skill level 8 in Polearms
  3189 | D:3      | Reached XP level 7. HP: 23/55 MP: 7/7
  3657 | D:4      | Reached skill level 9 in Polearms
  3685 | D:4      | Noticed Edmund
  3694 | D:4      | Killed Edmund
  3876 | D:4      | Found a staircase to the Ecumenical Temple.
  4002 | D:4      | Reached skill level 5 in Fighting
  4451 | D:4      | Reached XP level 8. HP: 60/62 MP: 8/8
  4476 | D:4      | Found a runed translucent door.
  4477 | D:4      | Noticed Crazy Yiuf
  4566 | D:4      | Reached skill level 10 in Polearms
  4815 | D:4      | Killed Crazy Yiuf
  4900 | D:5      | Entered Level 5 of the Dungeon
  5329 | D:5      | Reached skill level 11 in Polearms
  6594 | D:6      | Noticed Menkaure
  6618 | D:5      | Reached XP level 9. HP: 38/70 MP: 9/9
  6854 | D:5      | Reached skill level 12 in Polearms
  7106 | D:6      | Killed Menkaure
  7251 | D:6      | Got a slimy helmet
  7263 | D:6      | Identified the +2 helmet "Exoafac" {Will+ Str+2 Stlth+}
                  | (You found it on level 6 of the Dungeon)
  7659 | D:6      | Noticed Maggie
  7671 | D:6      | Killed Maggie
  7672 | D:6      | Reached skill level 13 in Polearms
  8201 | D:6      | Found a hazy altar of Hepliaklqana.
  8428 | D:7      | Reached XP level 10. HP: 77/80 MP: 10/10
  8472 | D:7      | Reached skill level 14 in Polearms
  8648 | D:7      | Reached skill level 10 in Dodging
  9032 | D:7      | Found a shadowy altar of Dithmenos.
 10017 | D:8      | Found a sparkling altar of Nemelex Xobeh.
 10147 | D:8      | Found a snail-covered altar of Cheibriados.
 10238 | D:8      | Found an iron altar of Okawaru.
 10279 | D:8      | Found a stormy altar of Qazlal.
 10382 | D:8      | Reached skill level 10 in Fighting
 10511 | D:8      | Found a staircase to the Lair.
 10802 | D:9      | Reached XP level 11. HP: 68/92 MP: 11/11
 11160 | D:9      | Found an ancient bone altar of Kikubaaqudgha.
 11627 | D:9      | Noticed a two-headed ogre
 11642 | D:9      | Killed a two-headed ogre
 11743 | D:9      | Found a blossoming altar of Fedhas.
 11884 | D:10     | Entered Level 10 of the Dungeon
 12221 | D:10     | Found a flagged portal.
 12246 | Bailey   | Entered a bailey
 12379 | Bailey   | Noticed an orc knight
 12414 | Bailey   | Killed an orc knight
 12599 | Bailey   | Got a serpentine copper ring
 12614 | Bailey   | Identified the ring "Xeenlauh" {rC+ Will+ SInv} (You found
                  | it in a bailey)
 12683 | D:10     | Noticed Snorg
 12694 | D:10     | Slain by Snorg

Illustrated notes

Levels and vault maps discovered:
D:1:      lightli_arrival_chessboard, layout_basic, lemuel_old_faithful
D:2:      layout_loops_corners, minitemple, serial_bayou_pond_d
D:3:      layout_rooms, tgw_sif, uniq_grinder, uniq_jessica
D:4:      layout_loops_corners, minmay_temple_entry_mist,
          uniq_crazy_yiuf_cottage, uniq_edmund
D:5:      layout_gridville, minivault_23, dk_vineyard_2
D:6:      layout_basic, kennysheep_little_box,
          minmay_fractal_squares_diagonal_5, uniq_menkaure, uniq_maggie
D:7:      layout_rooms, grunt_dithmenos_shadows, lightli_orcish_oven
D:8:      layout_rooms, nemelex_altar_shiori, kennysheep_mini_moat,
          marbit_many_paths, cheibrodos_worm_habitat,
          grunt_lair_entry_orc_guard_hut, kennysheep_path_1
D:9:      layout_basic, kiku_gazebo_garden_becter, fedhas_altar_4
D:10:     cheibrodos_shockbox, layout_long_grid, enter_bailey_7, nrook_campfire,
          uniq_snorg

Skill      XL: |  1  2  3  4  5  6  7  8  9 10 11 |
---------------+----------------------------------+-----
Polearms       | 5 6 7 8 9 11 13 14 | 14.0
Fighting       | 3 4 5 6 7 10 11 | 11.7
Dodging        | 5 6 7 8 9 12 13 | 13.8
Throwing       | |  2.0

Action                   |  1- 3 |  4- 6 |  7- 9 | 10-12 || total
-------------------------+-------+-------+-------+-------++-------
Melee: Trident           |   129 |   159 |   519 |   587 ||  1394
       Tailslap          |       |       |       |     1 ||     1
Throw: Throwing net      |       |     2 |       |       ||     2
Evoke: Wand              |       |       |     6 |       ||     6
  Use: Scroll            |       |     3 |     4 |     6 ||    13
       Potion            |       |     2 |     2 |       ||     4
 Stab: Sleeping          |     3 |       |     2 |     8 ||    13
       Distracted        |       |       |     2 |     5 ||     7
Armor: Leather armour    |    38 |       |       |       ||    38
       Ring mail         |       |    24 |    53 |       ||    77
       Steam dragon scal |       |       |     6 |    65 ||    71
Dodge: Dodged            |    99 |    67 |   255 |   322 ||   743

Table legend: (Time is in decaauts)
 A = Elapsed time spent in this place.
 B = Non-inter-level travel time spent in this place.
 C = Inter-level travel time spent in this place.
 D = Time resting spent in this place.
 E = Time spent auto-exploring this place.
 F = Levels seen in this place.
 G = Mean time per level.
                   A        B        C        D        E       F      G
               +--------+--------+--------+--------+--------+-----+--------+
         Total |  12311 |  12038 |    273 |    586 |   8980 |  11 | 1119.2 |
       Dungeon |  11939 |  11666 |    273 |    586 |   8773 |  10 | 1193.9 |
        Bailey |    372 |    372 |      0 |      0 |    206 |   1 |  372.0 |
               +--------+--------+--------+--------+--------+-----+--------+

Top non-repeatable levels by time:
     D:5: 1796 daAuts
     D:6: 1556 daAuts
     D:4: 1410 daAuts
     D:1: 1298 daAuts
     D:7: 1175 daAuts
     D:3: 1127 daAuts
     D:8: 1122 daAuts
     D:9: 1078 daAuts
     D:2: 1036 daAuts
  Bailey: 372 daAuts
    D:10: 336 daAuts
